PAA
MERCER ISLAND SCREAMING EAGLES @ SALEM MISFITS
08/09/2027
 
TOP OF THE 1ST
Mercer Island Screaming Eagles batting - Pitching for Salem Misfits : RHP Marcos Oquendo
Pitching: RHP Marcos Oquendo
Batting: LHB Hideki Hisanobu 0-0: Fly out, F7 (Flyball, 7LMF)
Batting: RHB Francisco Agámez 0-0: Ball
1-0: Foul Ball, location: 2F
1-1: SINGLE (Groundball, 56D)
Batting: SHB José Rico 0-0: Ball
1-0: Ball
2-0: Ball
3-0: Called Strike
3-1: Fly out, F9 (Flyball, 89M)
Batting: RHB Kade Knowles 0-0: Called Strike
0-1: Fielders Choice at 2nd, 6-4 (Groundball, 6)
Top of the 1st over - 0 run(s), 1 hit(s), 0 error(s), 0 left on base; Mercer Island 0 - Salem 0
BOTTOM OF THE 1ST
Salem Misfits batting - Pitching for Mercer Island Screaming Eagles : LHP Tomiji Saikawa
Pitching: LHP Tomiji Saikawa
Batting: RHB Jorge Gómez 0-0: Ball
1-0: Foul Ball, location: 2F
1-1: Fly out, F9 (Line Drive, 89M)
Batting: LHB Jorge García 0-0: Foul Ball, location: 2F
0-1: Ball
1-1: Foul Ball, location: 2F
1-2: Fly out, F7 (Flyball, 78D)
Batting: LHB Austin Hathaway 0-0: Fly out, F7 (Flyball, 7)
Bottom of the 1st over - 0 run(s), 0 hit(s), 0 error(s), 0 left on base; Mercer Island 0 - Salem 0
TOP OF THE 2ND
Mercer Island Screaming Eagles batting - Pitching for Salem Misfits : RHP Marcos Oquendo
Batting: RHB Marcos Reyes 0-0: Fly out, F8 (Flyball, 89S)
Batting: LHB Mike Russell 0-0: Called Strike
0-1: Ground out 6-3 (Groundball, 6)
Batting: RHB Luis Jiménez 0-0: Ground out 4-3 (Groundball, 4)
Top of the 2nd over - 0 run(s), 0 hit(s), 0 error(s), 0 left on base; Mercer Island 0 - Salem 0
BOTTOM OF THE 2ND
Salem Misfits batting - Pitching for Mercer Island Screaming Eagles : LHP Tomiji Saikawa
Batting: LHB Brent van Schoonhoven 0-0: Foul Ball, location: 2F
0-1: Ball
1-1: Foul Ball, location: 2F
1-2: SINGLE (Groundball, 4MD)
Batting: LHB Chris Thurman 0-0: Ball
1-0: Ball
2-0: Foul Ball, location: 2F
2-1: SINGLE (Groundball, 3S) (infield hit)
Brent van Schoonhoven to second
Batting: LHB Estefan Carrasco 0-0: Ball
1-0: Called Strike
1-1: Ball
2-1: Foul Ball, location: 2F
2-2: Strikes out swinging
Batting: RHB Ryan Fiore 0-0: Ball
1-0: Ball
2-0: Called Strike
2-1: SINGLE (Groundball, 56D)
Brent van Schoonhoven to third
Chris Thurman to second
Batting: RHB Jorge Ramos 0-0: DOUBLE (Groundball, 5L)
Brent van Schoonhoven scores
Chris Thurman scores
Ryan Fiore to third
Runner from 3rd tries for Home, SAFE, throw made at trailing runner, SAFE at third!
Batting: RHB Paul O'Neill 0-0: Ball
1-0: Swinging Strike
1-1: Foul Ball, location: 2F
1-2: Ball
2-2: Strikes out swinging
Batting: RHB Jorge Gómez 0-0: Ball
1-0: Ball
2-0: Called Strike
2-1: Ball
3-1: Fly out, F7 (Flyball, 78M)
Bottom of the 2nd over - 3 run(s), 4 hit(s), 0 error(s), 1 left on base; Mercer Island 0 - Salem 3
TOP OF THE 3RD
Mercer Island Screaming Eagles batting - Pitching for Salem Misfits : RHP Marcos Oquendo
Batting: RHB Raúl Moreno 0-0: Called Strike
0-1: Foul Ball, location: 2F
0-2: Foul Ball, location: 2F
0-2: Strikes out swinging, 2-3 out at first.
Batting: SHB León Estrada 0-0: Ground out U3 (Groundball, 34)
Batting: LHB Hideki Hisanobu 0-0: Called Strike
0-1: SINGLE (Groundball, 4S) (infield hit)
Batting: RHB Francisco Agámez 0-0: Ball
Hideki Hisanobu is caught stealing 2nd base
Top of the 3rd over - 0 run(s), 1 hit(s), 0 error(s), 0 left on base; Mercer Island 0 - Salem 3
BOTTOM OF THE 3RD
Salem Misfits batting - Pitching for Mercer Island Screaming Eagles : LHP Tomiji Saikawa
Batting: LHB Jorge García 0-0: Foul Ball, location: 2F
0-1: Ground out 4-3 (Groundball, 4)
Batting: LHB Austin Hathaway 0-0: Foul Ball, location: 2F
0-1: Ball
1-1: Ball
2-1: Foul Ball, location: 2F
2-2: Strikes out swinging
Batting: LHB Brent van Schoonhoven 0-0: Fly out, F7 (Flyball, 7LS)
Bottom of the 3rd over - 0 run(s), 0 hit(s), 0 error(s), 0 left on base; Mercer Island 0 - Salem 3
TOP OF THE 4TH
Mercer Island Screaming Eagles batting - Pitching for Salem Misfits : RHP Marcos Oquendo
Batting: RHB Francisco Agámez 0-0: Called Strike
0-1: Fly out, F8 (Flyball, 8LM)
Batting: SHB José Rico 0-0: Ball
1-0: Called Strike
1-1: Called Strike
1-2: Foul Ball, location: 2F
1-2: Ball
2-2: Fly out, F8 (Flyball, 8RXD)
Batting: RHB Kade Knowles 0-0: Called Strike
0-1: Swinging Strike
0-2: Foul Ball, location: 2F
0-2: Ball
1-2: Ball
2-2: Fly out, F8 (Flyball, 8RM)
Top of the 4th over - 0 run(s), 0 hit(s), 0 error(s), 0 left on base; Mercer Island 0 - Salem 3
BOTTOM OF THE 4TH
Salem Misfits batting - Pitching for Mercer Island Screaming Eagles : LHP Tomiji Saikawa
Batting: LHB Chris Thurman 0-0: Called Strike
0-1: Ball
1-1: Foul Ball, location: 2F
1-2: Ball
2-2: Fly out, F8 (Line Drive, 8LS)
Batting: LHB Estefan Carrasco 0-0: Ball
1-0: Ball
2-0: Foul Ball, location: 2F
2-1: Swinging Strike
2-2: DOUBLE (Flyball, 9)
Batting: RHB Ryan Fiore 0-0: Swinging Strike
0-1: Swinging Strike
0-2: Strikes out swinging
Batting: RHB Jorge Ramos 0-0: Called Strike
0-1: Fly out, F9 (Flyball, 89M)
Bottom of the 4th over - 0 run(s), 1 hit(s), 0 error(s), 1 left on base; Mercer Island 0 - Salem 3
TOP OF THE 5TH
Mercer Island Screaming Eagles batting - Pitching for Salem Misfits : RHP Marcos Oquendo
Batting: RHB Marcos Reyes 0-0: Called Strike
0-1: Ball
1-1: Foul Ball, location: 2F
1-2: Ball
2-2: Strikes out swinging
Batting: LHB Mike Russell 0-0: Called Strike
0-1: Called Strike
0-2: Ball
1-2: Ball
2-2: Foul Ball, location: 2F
2-2: Ball
3-2: Base on Balls
Batting: RHB Luis Jiménez 0-0: Fly out, F8 (Flyball, 8RM)
Batting: RHB Raúl Moreno 0-0: Foul Ball, location: 2F
0-1: Swinging Strike
0-2: SINGLE (Groundball, 3D)
Mike Russell to second
Throwing error, E9
Mike Russell scores
Raúl Moreno to second
Batting: SHB León Estrada 0-0: Ball
1-0: Called Strike
1-1: Ball
2-1: Ground out U3 (Groundball, 3L)
Top of the 5th over - 1 run(s), 1 hit(s), 1 error(s), 1 left on base; Mercer Island 1 - Salem 3
BOTTOM OF THE 5TH
Salem Misfits batting - Pitching for Mercer Island Screaming Eagles : LHP Tomiji Saikawa
Batting: RHB Paul O'Neill 0-0: Ground out 6-3 (Groundball, 6MD)
Batting: RHB Jorge Gómez 0-0: Called Strike
0-1: Fly out, F8 (Flyball, 89D)
Batting: LHB Jorge García 0-0: Fly out, F7 (Flyball, 78M)
Bottom of the 5th over - 0 run(s), 0 hit(s), 0 error(s), 0 left on base; Mercer Island 1 - Salem 3
TOP OF THE 6TH
Mercer Island Screaming Eagles batting - Pitching for Salem Misfits : RHP Marcos Oquendo
Batting: LHB Hideki Hisanobu 0-0: Called Strike
0-1: Ball
1-1: Called Strike
1-2: Ball
2-2: Foul Ball, location: 2F
2-2: SINGLE (Groundball, 4MD)
Batting: RHB Francisco Agámez 0-0: Called Strike
0-1: Ball
Hideki Hisanobu steals 2nd base
1-1: Ground out 6-3 (Groundball, 6)
Batting: SHB José Rico 0-0: Ball
1-0: Called Strike
1-1: Ball
2-1: Foul Ball, location: 2F
2-2: Foul Ball, location: 2F
2-2: Fly out, F6 (Line Drive, 6)
Batting: RHB Kade Knowles 0-0: Ground out 5-3 (Groundball, 56)
Top of the 6th over - 0 run(s), 1 hit(s), 0 error(s), 1 left on base; Mercer Island 1 - Salem 3
BOTTOM OF THE 6TH
Salem Misfits batting - Pitching for Mercer Island Screaming Eagles : LHP Tomiji Saikawa
Batting: LHB Austin Hathaway 0-0: Foul Ball, location: 2F
0-1: Ground out 3-1 (Groundball, 34)
Batting: LHB Brent van Schoonhoven 0-0: Ball
1-0: Ball
2-0: Called Strike
2-1: Called Strike
2-2: Fly out, F9 (Line Drive, 9S)
Batting: LHB Chris Thurman 0-0: Ball
1-0: Fly out, F8 (Flyball, 78S)
Bottom of the 6th over - 0 run(s), 0 hit(s), 0 error(s), 0 left on base; Mercer Island 1 - Salem 3
TOP OF THE 7TH
Mercer Island Screaming Eagles batting - Pitching for Salem Misfits : RHP Marcos Oquendo
Batting: RHB Marcos Reyes 0-0: Called Strike
0-1: Fly out, F9 (Flyball, 9)
Batting: LHB Mike Russell 0-0: Fly out, F7 (Flyball, 7)
Batting: RHB Luis Jiménez 0-0: Ground out 1-3 (Groundball, 13)
Top of the 7th over - 0 run(s), 0 hit(s), 0 error(s), 0 left on base; Mercer Island 1 - Salem 3
BOTTOM OF THE 7TH
Salem Misfits batting - Pitching for Mercer Island Screaming Eagles : LHP Tomiji Saikawa
Batting: LHB Estefan Carrasco 0-0: Ball
1-0: Foul Ball, location: 2F
1-1: Ball
2-1: Foul Ball, location: 2F
2-2: Foul Ball, location: 2F
2-2: Strikes out looking
Batting: RHB Ryan Fiore 0-0: Called Strike
0-1: Foul Ball, location: 2F
0-2: Strikes out swinging
Batting: RHB Jorge Ramos 0-0: Called Strike
0-1: Swinging Strike
0-2: Ball
1-2: DOUBLE (Line Drive, 8RD)
Batting: RHB Paul O'Neill 0-0: Ball
1-0: Called Strike
1-1: Swinging Strike
Passed Ball!
Jorge Ramos to third
1-2: Strikes out swinging
Bottom of the 7th over - 0 run(s), 1 hit(s), 0 error(s), 1 left on base; Mercer Island 1 - Salem 3
TOP OF THE 8TH
Mercer Island Screaming Eagles batting - Pitching for Salem Misfits : RHP Marcos Oquendo
Batting: RHB Raúl Moreno 0-0: Ball
1-0: Called Strike
1-1: Foul Ball, location: 2F
1-2: DOUBLE (Line Drive, 9LS) - OUT at third base trying to stretch hit.
Batting: SHB León Estrada 0-0: Ball
1-0: Fly out, F2 (Popup, 3S)
Batting: LHB Hideki Hisanobu 0-0: Foul Ball, location: 2F
0-1: Ground out 1-3 (Groundball, 13)
Top of the 8th over - 0 run(s), 1 hit(s), 0 error(s), 0 left on base; Mercer Island 1 - Salem 3
BOTTOM OF THE 8TH
Salem Misfits batting - Pitching for Mercer Island Screaming Eagles : LHP Tomiji Saikawa
Batting: RHB Jorge Gómez 0-0: Ball
1-0: Called Strike
1-1: Called Strike
1-2: Ball
2-2: Fly out, F2 (Popup, 3S)
Batting: LHB Jorge García 0-0: Called Strike
0-1: Called Strike
0-2: Foul Ball, location: 2F
0-2: Strikes out looking
Batting: LHB Austin Hathaway 0-0: Fly out, F7 (Flyball, 78S)
Bottom of the 8th over - 0 run(s), 0 hit(s), 0 error(s), 0 left on base; Mercer Island 1 - Salem 3
TOP OF THE 9TH
Mercer Island Screaming Eagles batting - Pitching for Salem Misfits : RHP Marcos Oquendo
Pitching: RHP Jim Unknown
Batting: RHB Francisco Agámez 0-0: Swinging Strike
0-1: Ball
1-1: Ball
2-1: Ball
3-1: Called Strike
3-2: Strikes out looking
Batting: SHB José Rico 0-0: Foul Ball, location: 2F
0-1: Called Strike
0-2: Ball
1-2: Ball
2-2: Ball
3-2: Ground out 4-3 (Groundball, 4)
Batting: RHB Kade Knowles 0-0: Ball
1-0: Fly out, F9 (Flyball, 89M)
Top of the 9th over - 0 run(s), 0 hit(s), 0 error(s), 0 left on base; Mercer Island 1 - Salem 3
Saturday, May 26th, 2018 - OOTP Baseball 17.12 Build 75